 Dungeon Crawl Stone Soup version 0.31-a0-237-g2d982f9f85 (webtiles) character file.

Game seed: 13200388629502407934

1097 qw the Skirmisher (level 8, -8/68 HPs)
             Began as a Minotaur Hexslinger on July 10, 2023.
             Mangled by an iguana (9 damage)
             ... on level 5 of the Dungeon.
             The game lasted 00:01:17 (3294 turns).

qw the Skirmisher (Minotaur Hexslinger)             Turns: 3294, Time: 00:01:18

Health: -8/68      AC:  7    Str: 13    XL:     8   Next: 10%
Magic:  8/8        EV: 16    Int: 10    God:
Gold:   150        SH:  0    Dex: 15    Spells: 8/9 levels left

rFire   + . .        e - -2 longbow
rCold   . . .        (shield currently unavailable)
rNeg    . . .        f - +1 ring mail of the Snail {rF+}
rPois   .            i - +1 hat
rElec   .            (no cloak)
rCorr   .            (no gloves)
SInv    .            (no boots)
Will    .....        (no amulet)
Stlth   +            c - +5 ring of evasion
HPRegen 0.31/turn    (no ring)
MPRegen 0.11/turn

%: no passive effects
@: weakened
A: horns 2, retaliatory headbutt
a: no special abilities


You were on level 5 of the Dungeon.
You visited 1 branch of the dungeon, and saw 5 of its levels.

You collected 276 gold pieces.
You spent 126 gold pieces at shops.


Innate Abilities, Weirdness & Mutations

You have a pair of horns on your head.
You reflexively headbutt those who attack you in melee.


   Skills:
 - Level 5.1 Fighting
 - Level 9.1 Ranged Weapons
 - Level 3.0 Armour
 + Level 2.1 Dodging
 - Level 1.0 Spellcasting
 - Level 2.0 Hexes


You had 8 spell levels left.
You knew the following spells:

 Your Spells              Type           Power      Damage    Failure   Level
a - Slow                  Hex            16%        N/A       30%         1

Your spell library contained the following spells:

 Spells                   Type           Power      Damage    Failure   Level
 Inner Flame              Hex/Fire       2%         N/A       80%         3
 Portal Projectile        Hex/Tloc       4%         N/A       80%         3
 Cause Fear               Hex            2%         N/A       97%         4

Inventory:

Hand Weapons
 e - a -2 longbow (weapon)
Armour
 f - the +1 ring mail of the Snail (worn) {rF+}
   (You took it off an orc on level 4 of the Dungeon)

   rF:        It protects you from fire.
 i - a +1 hat (worn)
Jewellery
 c - a +5 ring of evasion (left hand)
Scrolls
 a - a scroll of identify
 j - a scroll of teleportation {unknown}
Potions
 b - a potion of curing
 d - a potion of resistance {unknown}
 g - a potion of cancellation {unknown}
 h - 2 potions of mutation {unknown}

Dungeon Overview and Level Annotations

Branches:
Dungeon (5/15)
 Temple: D:4-7

Altars:
Ashenzari
Dithmenos
Makhleb
Nemelex Xobeh
Qazlal
Zin
The Shining One

Shops:
D:2 =   D:3 [   D:5 *[


Message History

The iguana closely misses you.
You shoot an arrow.
The arrow hits the gnoll bouda but does no damage.
The gnoll bouda is severely wounded.
The gnoll barely misses you. The gnoll bouda closely misses you.
You furiously retaliate!
You headbutt the gnoll bouda. The iguana closely misses you.
You shoot an arrow.
The arrow closely misses the gnoll bouda.
The gnoll misses you.
The gnoll bouda drinks a potion.
The gnoll bouda is healed!
The iguana closely misses you. You furiously retaliate!
You headbutt the iguana. You shoot an arrow.
The arrow hits the gnoll bouda but does no damage.
The gnoll bouda is heavily wounded.
The gnoll hits you but does no damage. The gnoll bouda closely misses you.
The iguana barely misses you. You furiously retaliate!
You headbutt the iguana, but do no damage.
The gnoll completely misses you.
The gnoll bouda gazes fiercely through you!
You feel as though you will be weak longer.
The gnoll bouda hits you with a +0 club!
The iguana bites you!
You shoot an arrow. The arrow hits the gnoll bouda.
The gnoll bouda is severely wounded.
The gnoll hits you from afar with a +0 halberd.
The iguana barely misses you.
The gnoll bouda prays to its god.
The gnoll bouda is healed somewhat.
You shoot an arrow. The arrow hits the gnoll bouda!
The gnoll bouda is almost dead.
The gnoll is no longer moving quickly.
The gnoll misses you.
The gnoll bouda hits you with a +0 club!
The iguana barely misses you.
You shoot an arrow. The arrow hits the gnoll bouda!!
You kill the gnoll bouda!
The gnoll completely misses you. The iguana bites you!
The gnoll hits you from afar with a +0 halberd!
The iguana bites you!
You die...

###..#### #.###.
##....##### #.#...
####.....###.#.#.
#####..##...##
##.#....## . #...#..##
...#### #..###..#
....ggl#######
#..####.#
#)@.....###..[###.#
######....%[.......
...######<##.....#....
.......\.....######.>\
...####...#####..[....
......### #.#####.
.####.. #. #.# #. #.#
#.


You could see an iguana and 2 gnolls.

Vanquished Creatures
  Pikel (D:5)
  Eustachio (D:4)
  Menkaure (D:5)
  A phantom (D:5)
  A scorpion (D:4)
  A hound (D:4)
  A gnoll bouda (D:5)
  A jelly (D:5)
  An orc priest (D:4)
  A sleepcap (D:4)
  3 iguanas
  An adder (D:4)
  2 worms
  5 orcs
  8 ball pythons
  4 endoplasms
  5 giant cockroaches
  7 goblins
  3 hobgoblins
  4 jackals (D:5)
  2 quokkas
  3 bats
  5 frilled lizards
  5 kobolds
  3 rats
70 creatures vanquished.

Notes
Turn   | Place    | Note
-------+----------+-------------------------------------------
     0 | D:1      | qw the Minotaur Hexslinger began the quest for the Orb.
     0 | D:1      | Reached XP level 1. HP: 16/16 MP: 1/1
     0 | D:1      | 0 ||| qw: Version: 0.3-a-52-g30416fa
     0 | D:1      | 0 ||| qw: Game counter: 5275
     0 | D:1      | 0 ||| qw: Melee chars always use a shield: true
     0 | D:1      | 0 ||| qw: God list: Okawaru
     0 | D:1      | 0 ||| qw: Allow faded altars: false
     0 | D:1      | 0 ||| qw: Do Orc after clearing Dungeon:15 true
     0 | D:1      | 0 ||| qw: Do second Lair branch before Depths: true
     0 | D:1      | 0 ||| qw: Lair rune preference: random
     0 | D:1      | 0 ||| qw: Goals: Normal
     0 | D:1      | 0 ||| PLANNING D:1-11
    60 | D:1      | Reached skill level 3 in Ranged Weapons
    99 | D:1      | Reached XP level 2. HP: 23/23 MP: 2/2
   183 | D:1      | Found a faded altar of an unknown god.
   430 | D:1      | 430 ||| UPGRADING to +0 ring mail.
   440 | D:1      | 440 ||| DROPPING +0 robe.
   441 | D:1      | 441 ||| READING 2 scrolls labelled PAUPLOQEFF.
   442 | D:1      | 442 ||| DROPPING scroll of poison.
   771 | D:2      | Found Ymixt's Jewellery Boutique.
   776 | D:2      | 776 ||| SHOPLISTING amulet of Miracles {rC- Regen+ rCorr
                  | Int+8 Dex-3} (645 gold, have 60).
   776 | D:2      | 776 ||| SHOPLISTING amulet of the acrobat (420 gold, have
                  | 60).
   776 | D:2      | 776 ||| SHOPLISTING ring "Ybuithabb" {rCorr Dex+4} (495
                  | gold, have 60).
   776 | D:2      | 776 ||| SHOPLISTING ring of positive energy (280 gold, have
                  | 60).
   776 | D:2      | 776 ||| SHOPLISTING ring of protection from fire (350 gold,
                  | have 60).
  1032 | D:2      | Reached XP level 3. HP: 29/29 MP: 3/3
  1201 | D:2      | 1201 ||| UPGRADING to +1 hat.
  1206 | D:2      | 1206 ||| DROPPING scarf of shadows.
  1207 | D:2      | 1207 ||| UPGRADING to +5 ring of evasion.
  1208 | D:2      | 1208 ||| READING 2 scrolls labelled NODIESCH RASYD.
  1209 | D:2      | 1209 ||| READING scroll labelled MIMINATUAPT.
  1210 | D:2      | 1210 ||| READING scroll labelled LAYNOT OTATU.
  1211 | D:2      | 1211 ||| READING scroll labelled YFUMOA FOIZOFADOTU.
  1212 | D:2      | 1212 ||| READING 2 scrolls of identify.
  1212 | D:2      | 1212 ||| IDENTIFYING bubbling ruby potion
  1213 | D:2      | 1213 ||| DROPPING potion of lignification.
  1214 | D:2      | 1214 ||| DROPPING scroll of immolation.
  1290 | D:3      | Found a glowing golden altar of the Shining One.
  1485 | D:3      | Reached skill level 4 in Ranged Weapons
  1572 | D:3      | Found Uxzeuwog's Antique Armour Shop.
  1575 | D:3      | 1575 ||| BUYING glowing leather armour (125 gold).
  1575 | D:3      | Bought a glowing leather armour for 125 gold pieces
  1575 | D:3      | 1575 ||| SHOPLISTING pair of runed boots (187 gold, have
                  | 53).
  1575 | D:3      | 1575 ||| SHOPLISTING shiny ring mail (175 gold, have 53).
  1852 | D:3      | 1852 ||| UPGRADING to +1 leather armour of positive energy.
  1862 | D:3      | 1862 ||| DROPPING +0 ring mail.
  1863 | D:3      | 1863 ||| READING scroll labelled DUISAW TABUK.
  1864 | D:3      | 1864 ||| READING scroll labelled GAREFFECKE.
  1865 | D:3      | 1865 ||| READING scroll labelled WUCEM FAPHUUDGH.
  1883 | D:4      | Noticed Eustachio
  1889 | D:4      | Reached XP level 4. HP: 35/36 MP: 4/4
  1917 | D:4      | 1917 ||| Stepping ~*~*~tactically~*~*~ (outnumbered).
  1927 | D:4      | 1927 ||| FLEEEEING.
  1937 | D:4      | HP: 3/36 [Eustachio/+0 rapier (9)]
  1938 | D:4      | Killed Eustachio
  1939 | D:4      | Reached skill level 6 in Ranged Weapons
  1939 | D:4      | Reached XP level 5. HP: 4/41 MP: 5/5
  1959 | D:4      | 1959 ||| FLEEEEING.
  1961 | D:4      | 1961 ||| STAIRDANCE
  2140 | D:4      | Reached skill level 3 in Fighting
  2216 | D:4      | Reached XP level 6. HP: 52/52 MP: 6/6
  2329 | D:4      | HP: 12/52 [sleepcap (15)]
  2800 | D:4      | 2800 ||| READING 2 scrolls of identify.
  2800 | D:4      | 2800 ||| IDENTIFYING blue potion
  2827 | D:5      | Entered Level 5 of the Dungeon
  2827 | D:5      | Found Ytzot's Lightly-Used Armoury.
  2834 | D:5      | 2834 ||| BUYING -2 longbow (1 gold).
  2834 | D:5      | Bought a -2 longbow for 1 gold piece
  2834 | D:5      | 2834 ||| SWAPPING to -2 longbow.
  2835 | D:5      | 2835 ||| DROPPING +1 sling.
  2854 | D:5      | Noticed Pikel
  2863 | D:5      | Killed Pikel
  2864 | D:5      | Reached skill level 9 in Ranged Weapons
  2864 | D:5      | Reached XP level 7. HP: 42/59 MP: 7/7
  2869 | D:5      | Identified the +1 ring mail of the Snail {rF+}
  2870 | D:5      | 2870 ||| FLEEEEING.
  2871 | D:5      | 2871 ||| FLEEEEING.
  2872 | D:5      | 2872 ||| FLEEEEING.
  2873 | D:5      | 2873 ||| FLEEEEING.
  2874 | D:5      | 2874 ||| STAIRDANCE
  2924 | D:5      | 2924 ||| STAIRDANCE
  2943 | D:4      | 2943 ||| UPGRADING to +1 ring mail of the Snail {rF+}.
  2953 | D:4      | 2953 ||| DROPPING +1 leather armour of positive energy.
  2961 | D:5      | Found Uvimn's Armour Shoppe.
  2976 | D:5      | Noticed Menkaure
  2982 | D:5      | Killed Menkaure
  2983 | D:5      | Reached skill level 3 in Armour
  3110 | D:5      | Found a burning altar of Makhleb.
  3110 | D:5      | Found a stormy altar of Qazlal.
  3116 | D:5      | Found a shadowy altar of Dithmenos.
  3116 | D:5      | Found a broken altar of Ashenzari.
  3116 | D:5      | Found a sparkling altar of Nemelex Xobeh.
  3116 | D:5      | Found a glowing silver altar of Zin.
  3125 | D:5      | Reached XP level 8. HP: 44/67 MP: 8/8
  3294 | D:5      | HP: 14/68 [iguana (11)]
  3294 | D:5      | HP: 1/68 [gnoll/+0 halberd[a gnoll bouda] (13)]
  3294 | D:5      | Mangled by an iguana

Levels and vault maps discovered:
D:1:      dpeg_arrival_tiny_a, layout_rooms, shapermc_ecumenical_altar_acropolis
D:2:      layout_basic, serial_shops, nicolae_shop_hallway_plus
D:3:      layout_basic, amcnicky_altar_gilded, serial_shops,
          nicolae_shop_real_fake_doors
D:4:      layout_layer_cave, uniq_eustachio
D:5:      layout_rooms, grunt_temple_overflow_open, serial_shops, shop,
          minmay_shop_damaged, chequers_mini_garden, uniq_pikel, uniq_menkaure

Skill      XL: |  1  2  3  4  5  6  7  8 |
---------------+-------------------------+-----
Ranged Weapons | 3 4 6 9 |  9.1
Fighting       | 2 3 4 5 |  5.1
Armour         | 3 |  3.0
Dodging        | |  2.1
Spellcasting   | |  1.0
Hexes          | |  2.0

Action                     |  1- 3 |  4- 6 |  7- 9 || total
---------------------------+-------+-------+-------++-------
   Fire: Sling             |   113 |   113 |       ||   226
         Longbow           |       |    21 |    47 ||    68
    Use: Scroll            |     9 |     1 |       ||    10
 Armour: Robe              |     2 |       |       ||     2
         Ring mail         |    10 |       |     5 ||    15
         Leather armour    |     1 |    19 |     2 ||    22
  Dodge: Dodged            |    20 |    73 |    31 ||   124

Table legend:
 A = Non-vault XP
 B = Vault XP
 C = Vault XP percentage of total XP
 D = Non-vault monster count
 E = Vault monster count
 F = Vault count percentage of total count
                 A         B        C        D         E       F
            +---------+---------+-------+---------+---------+-------
      Total |     627 |     983 |  61.1 |      67 |       3 |   4.3
            +---------+---------+-------+---------+---------+-------
        D:1 |      27 |       0 |   0.0 |      17 |       0 |   0.0
        D:2 |      17 |       0 |   0.0 |       9 |       0 |   0.0
        D:3 |      26 |       0 |   0.0 |      16 |       0 |   0.0
        D:4 |     321 |     197 |  38.0 |      17 |       1 |   5.6
        D:5 |     236 |     786 |  76.9 |       8 |       2 |  20.0
            +---------+---------+-------+---------+---------+-------
